 Dungeon Crawl Stone Soup version 0.27-a0-1154-gfdeffcb720 (webtiles) character file.

Game seed: 9167782562568345508

18506 Barazal the Geomancer (level 12, 0/72 HPs)
             Began as a Gargoyle Earth Elementalist on May 14, 2021.
             Was a Follower of Vehumet.
             Slain by a death knight
             ... wielding a +0 glaive of protection
              (17 damage)
             ... on level 12 of the Dungeon.
             The game lasted 00:35:26 (14745 turns).

Barazal the Geomancer (GrEE)                       Turns: 14745, Time: 00:35:27

Health: 0/72       AC: 22    Str: 12    XL:     12   Next: 59%
Magic:  1/24       EV: 13    Int: 27    God:    Vehumet [*.....]
Gold:   666        SH:  0    Dex: 10    Spells: 18/27 levels left

rFire    + + .     SeeInvis .   g - +2 dagger (elec)
rCold    + . .     Faith    .   (no shield)
rNeg     + . .     Spirit   .   J - +2 leather armour {rF+}
rPois    ∞         Reflect  .   (helmet restricted)
rElec    +         Harm     .   C - +2 cloak {rCorr}
rCorr    +         Rampage  .   (no gloves)
Will     .....                  i - +2 pair of boots
Stlth    ++........             o - amulet of regeneration
HPRegen  1.22/turn              x - +6 ring of intelligence
MPRegen  0.19/turn              j - ring of wizardry

@: brilliant, resistant
A: sickness immunity, AC +8, negative energy resistance 1, electricity
resistance, torment resistance 1, petrification resistance, beak, shaggy fur 1
a: Renounce Religion


You were on level 12 of the Dungeon.
You worshipped Vehumet.
Vehumet was aware of your devotion.
You visited 2 branches of the dungeon, and saw 14 of its levels.
You also visited: Ossuary and Bailey.

You collected 906 gold pieces.
You spent 240 gold pieces at shops.

Inventory:

Hand Weapons
 e - the +8 longbow "Zephyr" {speed, Dex+3 SInv}
   (You acquired it on level 4 of the Dungeon)

   Attacks with this weapon are significantly faster.
   It affects your dexterity (+3).
   It lets you see invisible.
 g - a +2 dagger of electrocution (weapon)
 y - a +6 vorpal dire flail
 I - a +4 flail of protection
Missiles
 b - 504 stones
 G - a throwing net
Armour
 i - a +2 pair of boots (worn)
 C - a +2 cloak of preservation (worn)
 J - a +2 leather armour of fire resistance (worn)
Jewellery
 j - a ring of wizardry (right hand)
 o - an amulet of regeneration (around neck)
 r - a ring of resist corrosion
 x - a +6 ring of intelligence (left hand)
 A - the necklace of Bloodlust {*Rage +Rage Will++ Int-3 Slay+6}
   (You found it on level 6 of the Dungeon)

   [amulet of nothing]

   It affects your intelligence (-3).
   It affects your accuracy and damage with ranged weapons and melee attacks
   (+6).
   It lets you go berserk.
   It may make you go berserk in combat.
   It greatly increases your willpower.
 H - a ring of ice
 K - a ring of fire
Wands
 t - a wand of charming (2)
 D - a wand of flame (16)
 N - a wand of digging (4)
Scrolls
 a - 4 scrolls of enchant weapon
 c - a scroll of amnesia
 l - 6 scrolls of enchant armour
 m - 4 scrolls of fear
 n - 5 scrolls of magic mapping
 p - a scroll of fog
 s - 4 scrolls of teleportation
Potions
 d - 3 potions of haste
 f - a potion of brilliance
 h - 2 potions of might
 q - a potion of flight
 u - a potion of ambrosia
 v - 2 potions of berserk rage
 w - 4 potions of attraction
 z - a potion of magic
 B - 3 potions of mutation
 E - 3 potions of lignification
 M - 2 potions of curing


   Skills:
 + Level 7.2 Fighting
 + Level 6.6 Maces & Flails
 - Level 6.0 Armour
 + Level 5.7 Dodging
 - Level 2.1 Stealth
 + Level 8.1 Spellcasting
 + Level 9.0 Conjurations
 - Level 0.7 Transmutations
 + Level 10.7 Earth Magic
 + Level 6.0 Evocations


You had 18 spell levels left.
You knew the following spells:

 Your Spells              Type           Power      Damage    Failure   Level
a - Sandblast             Erth           100%       2d20      1%          1
b - Stone Arrow           Conj/Erth      100%       3d13      1%          3
c - Lee's Rapid Deconstr  Erth           40%        3d21*     1%          5

Your spell library contained the following spells:

 Spells                   Type           Power      Damage    Failure   Level
 Shock                    Conj/Air       100%       1d9       1%          1
 Beastly Appendage        Tmut           44%        N/A       1%          1
 Passwall                 Tmut/Erth      48%        N/A       1%          2
 Dazzling Flash           Conj/Hex       100%       N/A       1%          3
 Corona                   Hex            17%        N/A       2%          1
 Wereblood                Tmut           22%        N/A       2%          2
 Petrify                  Tmut/Erth      58%        N/A       2%          4
 Ensorcelled Hibernation  Hex/Ice        32%        N/A       4%          2
 Spider Form              Tmut/Pois      9%         N/A       7%          3
 Confusing Touch          Hex            16%        N/A       8%          3
 Tukima's Dance           Hex            16%        N/A       8%          3
 Ice Form                 Ice/Tmut       19%        N/A       22%         4
 Cause Fear               Hex            8%         N/A       26%         4
 Hydra Form               Tmut           11%        N/A       45%         5
 Yara's Violent Unravell  Hex/Tmut       9%         3d6       50%         5
 Silence                  Hex/Air        8%         N/A       54%         5
 Discord                  Hex            8%         N/A       100%        8


Dungeon Overview and Level Annotations

Branches:
Dungeon (13/15)            Temple (1/1) D:7            Lair (0/6) D:11
    Orc (0/2) D:11        Ossuary (visited)          Bailey (visited)
 Vaults: D:13-14

Altars:
Ashenzari
Cheibriados
Dithmenos
Elyvilon
Fedhas
Gozag
Hepliaklqana
Kikubaaqudgha
Makhleb
Okawaru
Ru
Trog
Uskayaw
Vehumet
Wu Jian
Xom
Zin
The Shining One

Shops:
D:8 =   D:12 *   D:13 [=


Innate Abilities, Weirdness & Mutations

You are immune to sickness and miasma.
Your stone body is resilient. (AC +8)
You are immune to poison.
You resist negative energy. (rN+)
You are resistant to electric shocks. (rElec)
You are resistant to unholy torment.
You are immune to petrification.
You have a beak for a mouth.
You are covered in fur. (AC +1)


Message History

Press: ? - help, Shift-Dir - straight line, f/p - death knight
Aim: a death knight, wielding a +0 glaive of protection and wearing a +0 chain mail (heavily wounded, 78% to hit)
You feel a surge of power!
The stone arrow misses the death knight.
Casting: Stone Arrow (safe; 1% risk of failure)
Confirm with . or Enter, or press ? or * to list all spells.
Aiming: Stone Arrow (safe; 1% risk of failure)
Press: ? - help, Shift-Dir - straight line, f/p - death knight
Aim: a death knight, wielding a +0 glaive of protection and wearing a +0 chain mail (heavily wounded, 78% to hit)
You feel a surge of power!
The stone arrow hits the death knight!
The death knight is severely wounded.
The death knight mumbles some strange prayers to Yredelemnul against you.
You struggle to resist.
Casting: Stone Arrow (safe; 1% risk of failure)
Confirm with . or Enter, or press ? or * to list all spells.
Aiming: Stone Arrow (safe; 1% risk of failure)
Press: ? - help, Shift-Dir - straight line, f/p - death knight
Aim: a death knight, wielding a +0 glaive of protection and wearing a +0 chain mail (severely wounded, 78% to hit)
You feel a surge of power!
The stone arrow hits the death knight!
The death knight is almost dead.
The death knight misses you.
Casting: Stone Arrow (safe; 1% risk of failure)
Confirm with . or Enter, or press ? or * to list all spells.
Aiming: Stone Arrow (safe; 1% risk of failure)
Press: ? - help, Shift-Dir - straight line, f/p - death knight
Aim: a death knight, wielding a +0 glaive of protection and wearing a +0 chain mail (almost dead, 78% to hit)
You feel a surge of power!
The stone arrow misses the death knight.
The death knight hits you from afar with a +0 glaive of protection!
* * * LOW HITPOINT WARNING * * *
Casting: Stone Arrow (safe; 1% risk of failure)
Confirm with . or Enter, or press ? or * to list all spells.
Aiming: Sandblast (safe; 1% risk of failure)
Press: ? - help, Shift-Dir - straight line, f/p - death knight
Aim: a death knight, wielding a +0 glaive of protection and wearing a +0 chain mail (almost dead, 84% to hit)
You feel a surge of power!
The blast of sand hits the death knight but does no damage.
The death knight is almost dead.
The death knight hits you from afar with a +0 glaive of protection!
You die...

#.......#[.###.###.##...........
#.......)...##.###..............
#.......[....#..#......###.....#
###.........).....###...#.....##
##......#.........#........##.
#......##.....#...##..#......
#.....##....p.#....#.##......
##...##.......##...>....##.##
#####...<.#@............###
#...###.......#...###
#.<.###.......##.##
##..)##..#.#..####
#...#...#.#.## ##.###.....## ###
##...## ###.### #.....#


You could see a death knight.

Vanquished Creatures
  2 hydras
  A two-headed ogre (D:10)
  3 tengu warriors (D:13)
  A necromancer (D:13)
  2 ugly things (D:13)
  A cyclops (D:10)
  2 manticores (D:11)
  Maggie (D:8)
  2 freezing wraiths (D:12)
  Psyche (D:8)
  3 trolls
  A hornet (D:10)
  3 slime creatures (D:12)
  A shadow (D:12)
  2 vampires
  2 wyverns (D:9)
  A yak (D:10)
  6 humans (D:10)
  A human (shapeshifter) (D:13)
  A steam dragon (D:4)
  2 vampire mosquitoes (D:13)
  A warg (D:11)
  Edmund (D:5)
  2 acid dragons (D:11)
  12 orc warriors
  An ice beast (D:6)
  A black bear (D:6)
  An ogre (D:5)
  3 necrophages
  11 centaurs
  2 phantoms
  Blork the orc (D:5)
  A bullfrog (D:9)
  A gnoll sergeant (D:8)
  A wyvern zombie (D:6)
  7 water moccasin zombies
  2 wyvern skeletons (D:7)
  15 killer bees
  2 electric eels (D:10)
  10 wights
  3 howler monkeys
  5 centaur zombies
  9 orc priests
  2 bullfrog skeletons
  A jelly (D:4)
  3 hounds
  2 gnoll shamans
  9 orc wizards
  2 yak simulacra (D:13)
  2 polar bear simulacra (D:13)
  5 wolf simulacra (D:13)
  2 mummies (Ossuary)
  16 gnolls
  7 adders
  A shadow imp (D:7)
  3 white imps
  An ufetubus (D:4)
  8 adder zombies (Ossuary)
  2 adder skeletons (D:4)
  2 worms (D:3)
  A dart slug (D:1)
  45 orcs
  4 ball pythons
  7 bats
  7 endoplasms
  2 giant cockroaches
  A gnoll zombie (Ossuary)
  10 goblins
  10 hobgoblins
  11 jackals
  5 quokkas
  A frilled lizard (D:1)
  4 hobgoblin zombies (Ossuary)
  7 kobolds
  3 kobold zombies (Ossuary)
  7 orc zombies (Ossuary)
  3 rats (D:1)
  2 river rat simulacra (D:13)
329 creatures vanquished.

Vanquished Creatures (collateral kills)
  2 orc warriors (Bailey)
  An orc priest (D:10)
  14 orcs
17 creatures vanquished.

Vanquished Creatures (others)
  A centaur (Bailey)
  A wight (D:7)
2 creatures vanquished.

Grand Total: 348 creatures vanquished

Notes
Turn   | Place    | Note
-------+----------+-------------------------------------------
     0 | D:1      | Barazal the Gargoyle Earth Elementalist began the quest for
                  | the Orb.
     0 | D:1      | Reached XP level 1. HP: 10/10 MP: 3/3
    34 | D:1      | Reached skill level 4 in Earth Magic
    34 | D:1      | Reached XP level 2. HP: 15/15 MP: 0/5
   522 | D:1      | Reached XP level 3. HP: 14/19 MP: 6/6
   526 | D:1      | Learned a level 3 spell: Stone Arrow
  1041 | D:1      | Found a faded altar of an unknown god.
  1971 | D:2      | Reached skill level 1 in Conjurations
  2041 | D:2      | Reached XP level 4. HP: 24/24 MP: 8/8
  2502 | D:2      | Found a shadowy altar of Dithmenos.
  2738 | D:3      | Found a shadowy altar of Dithmenos.
  3092 | D:3      | Found a blossoming altar of Fedhas.
  3291 | D:3      | Reached skill level 5 in Earth Magic
  3519 | D:3      | Reached XP level 5. HP: 28/28 MP: 9/9
  3608 | D:3      | Learned a level 5 spell: Lee's Rapid Deconstruction
  3810 | D:4      | Identified a scroll of acquirement
  3810 | D:4      | Acquired the +8 longbow "Zephyr" {speed, Dex+3 SInv}
  3811 | D:4      | Found the +8 longbow "Zephyr" {speed, Dex+3 SInv}
  3954 | D:4      | Gained mutation: You are weak. (Str -2) [potion of
                  | mutation]
  3954 | D:4      | Gained mutation: You are partially covered in iridescent
                  | scales. (AC +2) [potion of mutation]
  3955 | D:4      | Lost mutation: You are weak. (Str -2) [potion of mutation]
  3955 | D:4      | Lost mutation: You are partially covered in iridescent
                  | scales. (AC +2) [potion of mutation]
  3955 | D:4      | Gained mutation: You have a pair of small horns on your
                  | head. [potion of mutation]
  3955 | D:4      | Gained mutation: Your spells are a little easier to cast,
                  | but a little less powerful. [potion of mutation]
  4044 | D:4      | Noticed a steam dragon
  4050 | D:4      | Killed a steam dragon
  4051 | D:4      | Reached XP level 6. HP: 11/32 MP: 0/12
  4177 | D:4      | Lost mutation: You have a pair of small horns on your head.
                  | [potion of mutation]
  4177 | D:4      | Lost mutation: Your spells are a little easier to cast, but
                  | a little less powerful. [potion of mutation]
  4177 | D:4      | Gained mutation: You have sharp toenails. [potion of
                  | mutation]
  4217 | D:4      | Reached skill level 6 in Earth Magic
  4475 | D:5      | Entered Level 5 of the Dungeon
  4475 | D:5      | Noticed Blork the orc
  4478 | D:5      | Killed Blork the orc
  4479 | D:5      | Reached XP level 7. HP: 36/36 MP: 6/13
  4932 | D:5      | Found a glowing golden altar of the Shining One.
  5035 | D:5      | Reached skill level 7 in Earth Magic
  5038 | D:5      | Reached skill level 5 in Spellcasting
  5098 | D:5      | Noticed Edmund
  5106 | D:5      | Killed Edmund
  5107 | D:5      | Reached skill level 5 in Conjurations
  5107 | D:5      | Reached XP level 8. HP: 42/42 MP: 10/15
  5215 | D:5      | Found a burning altar of Makhleb.
  5448 | D:6      | Reached skill level 1 in Fighting
  5448 | D:6      | Reached skill level 1 in Maces & Flails
  5448 | D:6      | Reached skill level 1 in Armour
  5448 | D:6      | Reached skill level 1 in Evocations
  5509 | D:6      | Found the necklace of Bloodlust {*Rage +Rage Will++ Int-3
                  | Slay+6}
  5749 | D:6      | Lost mutation: You have sharp toenails. [potion of
                  | mutation]
  5749 | D:6      | Gained mutation: You have a beak for a mouth. [potion of
                  | mutation]
  5749 | D:6      | Gained mutation: You are covered in fur. (AC +1) [potion of
                  | mutation]
  6037 | D:7      | Reached XP level 9. HP: 48/49 MP: 17/17
  6177 | D:7      | Found a staircase to the Ecumenical Temple.
  6205 | D:7      | Found a sand-covered staircase.
  6211 | Ossuary  | Entered an ossuary
  6425 | Ossuary  | Reached skill level 8 in Earth Magic
  6793 | D:7      | Found a sacrificial altar of Ru.
  7067 | D:8      | Found a flagged portal.
  7067 | D:8      | Noticed Maggie
  7069 | D:8      | Noticed Psyche
  7074 | D:8      | Killed Psyche
  7087 | D:8      | Killed Maggie
  7088 | D:8      | Reached XP level 10. HP: 56/56 MP: 2/19
  7116 | Bailey   | Entered a bailey
  8951 | D:8      | Found Epeosit's Jewellery Boutique.
  8966 | D:8      | Reached skill level 9 in Earth Magic
  9285 | D:8      | Found a glowing silver altar of Zin.
  9445 | D:8      | Found a faded altar of an unknown god.
  9446 | D:8      | Found a faded altar of an unknown god.
  9457 | D:8      | Found a faded altar of an unknown god.
  9457 | D:8      | Found a hazy altar of Hepliaklqana.
 10024 | D:9      | Reached skill level 5 in Fighting
 10024 | D:9      | Reached skill level 5 in Armour
 10389 | D:10     | Entered Level 10 of the Dungeon
 10402 | D:10     | Found a white marble altar of Elyvilon.
 10438 | D:10     | Reached XP level 11. HP: 28/63 MP: 15/21
 10640 | D:10     | Noticed a cyclops
 10646 | D:10     | Killed a cyclops
 10647 | D:10     | Reached skill level 5 in Maces & Flails
 10777 | D:10     | Noticed a two-headed ogre
 10781 | D:10     | Killed a two-headed ogre
 11814 | D:11     | Noticed a manticore
 11826 | D:11     | Killed a manticore
 11827 | D:11     | Noticed a manticore
 12110 | D:11     | Found a staircase to the Lair.
 12214 | Temple   | Entered the Ecumenical Temple
 12227 | Temple   | Became a worshipper of Vehumet
 12355 | D:11     | Found a staircase to the Orcish Mines.
 12538 | D:11     | Reached skill level 5 in Evocations
 12555 | D:11     | Killed a manticore
 12872 | D:12     | Reached skill level 5 in Dodging
 12898 | D:12     | Reached skill level 10 in Earth Magic
 12898 | D:12     | Noticed a seven-headed hydra
 12908 | D:12     | Killed a seven-headed hydra
 13195 | D:12     | Noticed a death knight
 13215 | D:13     | Noticed a red ugly thing
 13222 | D:13     | Killed a red ugly thing
 13223 | D:13     | Reached XP level 12. HP: 67/71 MP: 8/23
 13591 | D:13     | Noticed a tengu warrior
 13595 | D:13     | Killed a tengu warrior
 13824 | D:13     | Noticed a tengu warrior
 13824 | D:13     | Noticed a tengu warrior
 13831 | D:13     | Killed a tengu warrior
 13832 | D:13     | Killed a tengu warrior
 13952 | D:13     | Found Xiciy's Jewellery Boutique.
 14054 | D:13     | Reached * piety under Vehumet
 14054 | D:13     | Offered knowledge of Shock by Vehumet.
 14195 | D:13     | Found Muf Gope's Armour Shoppe.
 14256 | D:13     | Noticed an eight-headed hydra
 14260 | D:13     | Killed an eight-headed hydra
 14570 | D:12     | Found Sateylue's Assorted Antiques.
 14603 | D:12     | Bought a scroll of teleportation for 72 gold pieces
 14603 | D:12     | Bought a scroll of teleportation for 72 gold pieces
 14603 | D:12     | Bought a brass wand for 96 gold pieces
 14745 | D:12     | Slain by a death knight

Illustrated notes

Levels and vault maps discovered:
D:1:      dpeg_arrival_arbitrary_b, layout_basic,
          hellmonk_ecumenical_altar_run_dry, minmay_tall_x
D:2:      layout_basic, basic_altar, grunt_ministairs_13, minmay_misc_feat_rows
D:3:      cheibrodos_greedy_goblins, layout_basic,
          nicolae_dithmenos_through_a_glass_darkly, lemuel_crystal_altar,
          glass_columns_a
D:4:      layout_basic
D:5:      layout_basic, lightli_temple_of_fire, lemuel_doored_altar,
          serial_corexii_hall, chequers_hall_statues_wall_a,
          corexii_hall_statues_t, corexii_hall_statues_x,
          corexii_hall_statues_l, chequers_hall_statues_y,
          corexii_hall_statues_l, uniq_edmund, uniq_blork_the_orc
D:6:      layout_cave_pools
D:7:      layout_gridville, hangedman_ru_absence, temple_statues,
          enter_ossuary_5, amethyst_killhole
D:8:      layout_loops_cross, nicolae_hepliaklqana_ecumenical_no_more,
          zin_scriptorium, serial_shops, shop, enter_bailey_2, uniq_maggie,
          uniq_psyche
D:9:      layout_loops_ring
D:10:     layout_irregular_city, amcnicky_altar_gilded, serial_park_tiny_2,
          st_stairs_11, minivault_27, minivault_4, minmay_ruffians
D:11:     layout_long_grid, lair_entry_dummy, erik_orc_4
D:12:     layout_cave_pools, serial_shops, shop_fountains
D:13:     layout_roguey, serial_shops, shop, shop, eino_house_with_fridge
Temple:   eino_temple_lava

Skill      XL: |  1  2  3  4  5  6  7  8  9 10 11 12 |
---------------+-------------------------------------+-----
Earth Magic    | 4 5 6 7 8 9 10 | 10.7
Conjurations   | 1 2 3 4 5 6 7 8 9 |  9.0
Spellcasting   | 3 4 5 6 7 8 |  8.1
Fighting       | 2 3 5 6 7 |  7.2
Maces & Flails | 2 3 4 5 6 |  6.6
Armour         | 2 3 5 6 |  6.0
Evocations     | 2 3 4 5 6 |  6.0
Dodging        | 2 3 4 5 |  5.7
Stealth        | |  2.1
Transmutations | |  0.7

Action                   |  1- 3 |  4- 6 |  7- 9 | 10-12 || total
-------------------------+-------+-------+-------+-------++-------
Melee: Flail             |    13 |       |       |       ||    13
       Dagger            |    49 |   129 |   341 |   287 ||   806
       Peck              |       |       |    29 |    42 ||    71
 Cast: Sandblast         |    17 |     9 |    11 |    28 ||    65
       Stone Arrow       |       |     4 |     7 |   111 ||   122
       Lee's Rapid Decon |       |       |     9 |    32 ||    41
Evoke: Wand              |       |       |     2 |    14 ||    16
  Use: Scroll            |     1 |    11 |     8 |    11 ||    31
       Potion            |       |     3 |     3 |     3 ||     9
 Stab: Sleeping          |     2 |     7 |     2 |     1 ||    12
Armor: Robe              |    32 |    55 |   177 |    67 ||   331
       Leather armour    |       |       |       |   210 ||   210
Dodge: Dodged            |    39 |    67 |   217 |   319 ||   642

Table legend: (Time is in decaauts)
 A = Elapsed time spent in this place.
 B = Non-inter-level travel time spent in this place.
 C = Inter-level travel time spent in this place.
 D = Time resting spent in this place.
 E = Time spent auto-exploring this place.
 F = Levels seen in this place.
 G = Mean time per level.
                   A        B        C        D        E       F      G
               +--------+--------+--------+--------+--------+-----+--------+
         Total |  14782 |  14275 |    507 |   1735 |   9707 |  16 |  923.9 |
       Dungeon |  12938 |  12439 |    499 |   1207 |   9154 |  13 |  995.2 |
        Temple |     20 |     13 |      7 |      0 |      0 |   1 |   20.0 |
       Ossuary |    247 |    247 |      0 |      0 |     51 |   1 |  247.0 |
        Bailey |   1575 |   1575 |      0 |    528 |    501 |   1 | 1575.0 |
               +--------+--------+--------+--------+--------+-----+--------+

Top non-repeatable levels by time:
     D:1: 1947 daAuts
  Bailey: 1575 daAuts
    D:10: 1372 daAuts
    D:13: 1278 daAuts
     D:8: 1022 daAuts
     D:5: 958 daAuts
    D:11: 953 daAuts
     D:3: 934 daAuts
     D:9: 842 daAuts
     D:4: 837 daAuts
     D:7: 822 daAuts
     D:2: 758 daAuts
    D:12: 615 daAuts
     D:6: 594 daAuts
 Ossuary: 247 daAuts
